 Dungeon Crawl Stone Soup version 0.25-a0-87-ga3d287bc14 (webtiles) character file.

Game seed: 17082246911092237145, levelgen mode: deterministic

13335 panicbit the Cleaver (level 11, -7/99 HPs)
             Began as a Minotaur Fighter on Nov 10, 2019.
             Was a High Priest of Okawaru.
             Mangled by a komodo dragon (15 damage)
             ... on level 2 of the Lair of Beasts.
             The game lasted 00:42:51 (11111 turns).

panicbit the Cleaver (Minotaur Fighter)            Turns: 11111, Time: 00:42:52

Health: -7/99      AC: 20    Str: 21    XL:     11   Next: 74%
Magic:  1/3        EV: 12    Int:  5    God:    Okawaru [*****.]
Gold:   791        SH: 14    Dex: 16    Spells: 10/10 levels left

rFire    . . .     SeeInvis .   S - +1 flail (antimagic)
rCold    . . .     Gourm    .   c - +0 shield
rNeg     . . .     Faith    .   t - +0 plate armour
rPois    +         Spirit   .   w - +1 hat
rElec    .         Reflect  .   (no cloak)
rCorr    .         Harm     .   P - +0 pair of gloves
MR       .....                  (no boots)
Stlth    ..........             (no amulet)
HPRegen  0.26/turn              m - +3 ring of dexterity
MPRegen  0.08/turn              Q - ring of poison resistance

@: heroism
A: retaliatory headbutt, claws 1, horns 2, subdued magic 1
a: Heroism, Finesse, Renounce Religion


You were on level 2 of the Lair of Beasts.
You worshipped Okawaru.
Okawaru was extremely pleased with you.
You were not hungry.

You visited 3 branches of the dungeon, and saw 14 of its levels.
You also visited: Bailey.

You collected 991 gold pieces.
You spent 200 gold pieces at shops.

Inventory:

Hand Weapons
 C - a +5 war axe of freezing
 K - the +11 plutonium sword {*Contam Stlth-}
   (You found it on level 9 of the Dungeon)

   It causes magical contamination when unequipped.
   It makes you less stealthy.
 S - a +1 antimagic flail (weapon)
 U - the +10 halberd of the Viper {chop, Int+5, unknown}
   (Okawaru gifted it to you on level 2 of the Lair of Beasts)

   It inflicts extra damage upon your enemies.
   It affects your intelligence (+5).
Armour
 c - a +0 shield (worn)
 t - a +0 plate armour (worn)
 w - a +1 hat (worn)
 P - a +0 pair of gloves (worn)
Jewellery
 m - a +3 ring of dexterity (left hand)
 A - an uncursed ring of positive energy
 H - a +5 ring of dexterity
 Q - a ring of poison resistance (right hand)
Wands
 x - a wand of polymorph (9)
 y - a wand of digging (19)
 M - a wand of random effects (5)
 O - a wand of iceblast (7)
 T - a wand of paralysis (5)
Scrolls
 a - a scroll of noise {unknown}
 e - 4 scrolls of blinking
 g - 3 scrolls of magic mapping
 h - 3 scrolls of fear
 j - 4 scrolls of enchant armour
 l - 8 scrolls of identify
 o - 6 scrolls of remove curse
 r - 2 scrolls of amnesia
 v - 6 scrolls of teleportation
 z - a scroll of acquirement {unknown}
 F - a scroll of summoning {unknown}
 G - a scroll of enchant weapon
Potions
 d - 3 potions of might
 i - a potion of heal wounds
 k - 4 potions of haste
 n - 6 potions of flight {unknown}
 p - 3 potions of lignification {unknown}
 q - a potion of cancellation {unknown}
 s - 7 potions of curing
 u - a potion of resistance {unknown}
 B - 14 potions of degeneration
 D - a potion of ambrosia {unknown}
 E - 3 potions of agility {unknown}
 I - 3 potions of brilliance {unknown}
 J - a potion of experience {unknown}
 L - 5 potions of magic {unknown}
 N - 8 potions of mutation {unknown}
Miscellaneous
 b - a lightning rod (4/4)
Comestibles
 f - 19 rations
 R - 19 chunks of flesh


   Skills:
 + Level 9.7(14.7) Fighting
 + Level 3.5(8.5) Long Blades
 + Level 13.0(18.1) Axes
 + Level 2.1(13.9) Maces & Flails
 + Level 11.4(16.4) Armour
 + Level 3.0(8.0) Dodging
 + Level 0.6(5.6) Stealth
 + Level 10.6(15.6) Shields
 + Level 1.4(6.4) Unarmed Combat
 + Level 1.1 Invocations


You had 10 spell levels left.
You didn't know any spells.
Your spell library contained the following spells:

 Spells                   Type           Power        Failure   Level  Hunger
 Corona                   Hex            #......      99%         1    ##.....
 Ensorcelled Hibernation  Hex/Ice        #.....       100%        2    ###....
 Confuse                  Hex            #.......     100%        3    ####...
 Dazzling Spray           Conj/Hex       #.....       100%        3    ####...
 Tukima's Dance           Hex            #.......     100%        3    ####...


Dungeon Overview and Level Annotations

Branches:
Dungeon (11/15)            Temple (1/1) D:7            Lair (2/6) D:11
 Bailey (visited)
  Swamp: Lair:2-4    Shoals: Lair:2-4     Snake: Lair:2-4    Spider: Lair:2-4
    Orc: D:9-12

Altars:
Ashenzari
Cheibriados
Dithmenos
Elyvilon
Fedhas
Gozag
Hepliaklqana
Kikubaaqudgha
Makhleb
Nemelex Xobeh
Okawaru
Qazlal
Ru
Sif Muna
Trog
Uskayaw
Vehumet
Wu Jian
Xom
Yredelemnul
Zin
The Shining One

Shops:
D:4 !   D:9 (


Innate Abilities, Weirdness & Mutations

You reflexively headbutt those who attack you in melee.
You have a pair of horns on your head.
You have sharp fingernails.
Your spells are a little easier to cast, but a little less powerful.


Message History

You block the six-headed hydra's attack. x2
The six-headed hydra bites you.
* * * LOW HITPOINT WARNING * * *
The six-headed hydra bites you.
* * * LOW HITPOINT WARNING * * *
The six-headed hydra bites you but does no damage.
The six-headed hydra misses you.
You barely miss the six-headed hydra.
The six-headed hydra is heavily wounded.
The komodo dragon closely misses you. The six-headed hydra bites you.
* * * LOW HITPOINT WARNING * * *
You block the six-headed hydra's attack.
The six-headed hydra misses you.
The six-headed hydra bites you but does no damage.
You block the six-headed hydra's attack.
The six-headed hydra bites you but does no damage.
You hit the six-headed hydra but do no damage.
The six-headed hydra is heavily wounded.
The komodo dragon bites you!
You die...

#...####......#
#.♣...#...#.###
....##....#.########## .
........######..##.#.####..
.÷.....#...................
...(..##...................
....÷##....................
#.♣..............D.........
................@l.........
.........................).
##.........#.######.......#
##.......#.## ........#
#......P### #......##
#P.......# #......#
##......## .......#
#......# .......# ........#


You could see a six-headed hydra and a komodo dragon.

Vanquished Creatures
  A hydra (D:10)
  A two-headed ogre (D:8)
  An unseen horror (D:11)
  An orc knight (Bailey)
  A manticore (D:11)
  A black mamba (Lair:1)
  A gargoyle (D:11)
  2 spiny frogs (Lair:1)
  A komodo dragon (Lair:2)
  3 trolls
  3 blink frogs (Lair:2)
  Prince Ribbit (D:8)
  Grinder (D:5)
  2 hippogriffs
  A wyvern (D:8)
  A vampire (D:11)
  10 yaks
  2 hungry ghosts
  Duvessa (D:6)
  6 water moccasins
  2 porcupines (Lair:1)
  5 ice beasts
  2 orc warriors (D:7)
  A sky beast (D:5)
  2 phantoms
  An ogre (D:6)
  3 wolves (Lair:2)
  3 centaurs
  A crocodile (Lair:1)
  A big kobold (D:10)
  7 bullfrogs
  Dowan (D:6)
  2 wyvern skeletons (D:8)
  4 scorpions
  10 wights
  2 howler monkeys
  4 crimson imps
  4 bullfrog zombies
  3 quasits
  2 jellies
  5 orc priests
  5 hounds
  4 orc wizards
  2 iguanas
  7 worker ants
  A killer bee zombie (D:7)
  3 hound zombies
  A hound skeleton (D:4)
  2 worker ant zombies
  14 adders
  14 gnolls
  A shadow imp (D:3)
  3 adder skeletons
  2 worms
  2 dart slugs (D:3)
  8 leopard geckos
  23 orcs
  12 bats
  2 giant cockroaches (D:1)
  13 goblins
  21 hobgoblins
  17 jackals
  3 quokkas
  A ball python (D:2)
  3 frilled lizards
  26 kobolds
  A leopard gecko zombie (D:6)
  9 rats
306 creatures vanquished.

Notes
Turn   | Place    | Note
-------+----------+-------------------------------------------
     0 | D:1      | panicbit the Minotaur Fighter began the quest for the Orb.
     0 | D:1      | Reached XP level 1. HP: 19/19 MP: 0/0
    73 | D:1      | Reached XP level 2. HP: 27/27 MP: 1/1
   226 | D:1      | Reached XP level 3. HP: 33/33 MP: 2/2
   409 | D:1      | Reached skill level 3 in Axes
   727 | D:2      | Found Zin's Purification Station.
   729 | D:2      | Found a glowing silver altar of Zin.
   732 | D:2      | Bought a potion of curing for 90 gold pieces
  1174 | D:2      | You fall into a shaft and drop 2 floors!
  1210 | D:3      | Reached XP level 4. HP: 40/40 MP: 3/3
  1372 | D:3      | Found a shattered altar of Ashenzari.
  1380 | D:3      | HP: 2/40 [shadow imp/nerve-wracking pain (13)]
  1762 | D:3      | Found a faded altar of an unknown god.
  2134 | D:4      | Reached XP level 5. HP: 46/46 MP: 4/4
  2143 | D:4      | Reached skill level 4 in Axes
  2171 | D:4      | Reached skill level 5 in Armour
  2233 | D:4      | Found Kumu's Distillery.
  2241 | D:4      | Bought a potion of curing for 30 gold pieces
  2241 | D:4      | Bought a potion of heal wounds for 50 gold pieces
  2241 | D:4      | Bought a potion of curing for 30 gold pieces
  2282 | D:4      | Reached skill level 5 in Shields
  2283 | D:4      | Reached XP level 6. HP: 47/53 MP: 5/5
  2316 | D:4      | Reached skill level 1 in Dodging
  2331 | D:4      | Reached skill level 5 in Axes
  2817 | D:5      | Entered Level 5 of the Dungeon
  2917 | D:5      | Noticed a sky beast
  2925 | D:5      | Killed a sky beast
  2925 | D:5      | Reached XP level 7. HP: 60/60 MP: 6/6
  2993 | D:5      | Reached skill level 6 in Axes
  3050 | D:5      | Reached skill level 5 in Fighting
  3215 | D:5      | Noticed Grinder
  3235 | D:5      | Killed Grinder
  3235 | D:5      | Reached skill level 7 in Axes
  3235 | D:5      | Reached XP level 8. HP: 65/68 MP: 7/7
  3586 | D:6      | Noticed Duvessa
  3587 | D:6      | Noticed Dowan
  3727 | D:6      | Reached skill level 8 in Axes
  3892 | D:6      | Found an opulent altar of Gozag.
  3905 | D:6      | Killed Duvessa
  3912 | D:6      | Killed Dowan
  4416 | D:7      | Found a staircase to the Ecumenical Temple.
  4423 | Temple   | Entered the Ecumenical Temple
  4436 | Temple   | Became a worshipper of Warmaster Okawaru
  4528 | D:6      | Reached skill level 9 in Axes
  4531 | D:6      | Reached skill level 1 in Unarmed Combat
  4681 | D:7      | Reached XP level 9. HP: 70/75 MP: 8/8
  4985 | D:7      | Reached * piety under Okawaru
  5014 | D:7      | Found a shadowy altar of Dithmenos.
  5014 | D:7      | Found a radiant altar of Vehumet.
  5014 | D:7      | Found a hide-covered altar of Uskayaw.
  5040 | D:7      | Found an opulent altar of Gozag.
  5143 | D:7      | Reached skill level 10 in Axes
  5146 | D:7      | Found a snail-covered altar of Cheibriados.
  5435 | D:8      | Noticed Prince Ribbit
  5453 | D:8      | Killed Prince Ribbit
  5456 | D:8      | Found a hazy altar of Hepliaklqana.
  5512 | D:8      | Reached ** piety under Okawaru
  5548 | D:8      | Noticed a two-headed ogre
  5712 | D:8      | Killed a two-headed ogre
  5712 | D:8      | Reached XP level 10. HP: 49/86 MP: 6/9
  6011 | D:8      | Reached skill level 11 in Axes
  6103 | D:9      | Found Ruah's Weapon Shoppe.
  6330 | D:9      | Found the +11 plutonium sword {*Contam Stlth-}
  6356 | D:9      | Found a white marble altar of Elyvilon.
  6390 | D:9      | Reached *** piety under Okawaru
  6482 | D:9      | Found a flagged portal.
  6575 | Bailey   | Entered a bailey
  6927 | Bailey   | Noticed an orc knight
  6947 | Bailey   | Killed an orc knight
  7474 | D:9      | Reached skill level 10 in Armour
  7673 | D:10     | Entered Level 10 of the Dungeon
  7762 | D:10     | Found a burning altar of Makhleb.
  8413 | D:10     | Noticed a seven-headed hydra
  8711 | D:10     | Killed a seven-headed hydra
  8711 | D:10     | Reached skill level 12 in Axes
  8761 | D:11     | Noticed a manticore
  8781 | D:11     | Killed a manticore
  8781 | D:11     | Reached skill level 1 in Maces & Flails
  9098 | D:11     | Reached **** piety under Okawaru
  9098 | D:11     | Reached XP level 11. HP: 95/95 MP: 10/10
  9137 | D:11     | Reached skill level 10 in Shields
  9477 | D:11     | Killed an unseen horror
  9665 | D:11     | Found a staircase to the Lair.
  9971 | Lair:1   | Entered Level 1 of the Lair of Beasts
 10009 | Lair:1   | Reached ***** piety under Okawaru
 10272 | Lair:1   | Reached skill level 1 in Long Blades
 10274 | Lair:1   | HP: 1/97 [black mamba (12)]
 10281 | Lair:1   | Gained mutation: You have sharp fingernails. [mutagenic
                  | glow]
 10303 | Lair:1   | Gained mutation: Your spells are a little easier to cast,
                  | but a little less powerful. [mutagenic glow]
 10823 | Lair:1   | Reached skill level 1 in Invocations
 11062 | Lair:2   | Received a gift from Okawaru
 11063 | Lair:2   | Got a bone halberd {god gift}
 11068 | Lair:2   | Reached skill level 13 in Axes
 11094 | Lair:2   | Noticed a six-headed hydra
 11111 | Lair:2   | Mangled by a komodo dragon

Levels and vault maps discovered:
D:1:      lightli_arrival_isolated_outpost, layout_basic, minmay_circled_x
D:2:      layout_basic, zin_purify, kennysheep_generic_room_2
D:3:      layout_basic, evilmike_ruin_ashenzari,
          chequers_ecumenical_altar_twisty
D:4:      layout_basic, serial_shops, shop, corexii_checkpoint_a
D:5:      layout_gridville, first_ration, uniq_grinder
D:6:      layout_cave_pools, nicolae_gozag_cash_rules_everything_around_me,
          uniq_duvessa
D:7:      layout_rooms, lemuel_crystal_altar, grunt_temple_overflow_cloverleaf,
          temple_statues
D:8:      layout_rooms, old_standard_altar, uniq_prince_ribbit1
D:9:      layout_loops_ring, marbit_many_paths, enter_bailey_7, serial_shops,
          shop
D:10:     layout_roguey, basic_altar
D:11:     layout_cave_pools, lair_entry_dummy, minmay_strange_pillars
Temple:   dshaligram_water_room_temple
Lair:1:   layout_gridlike, st_stairs_10, minivault_24
Lair:2:   layout_big_grid, grunt_megastairs_5

Skill      XL: |  1  2  3  4  5  6  7  8  9 10 11 |
---------------+----------------------------------+-----
Shields        | 4 5 6 7 8 9 10 | 10.6
Fighting       | 4 5 7 8 9 |  9.7
Armour         | 4 5 6 7 9 10 11 | 11.4
Axes           | 3 4 5 7 9 10 12 13 | 13.0
Dodging        | 1 2 3 |  3.0
Unarmed Combat | 1 |  1.4
Maces & Flails | 1 2 |  2.1
Long Blades    | 3 |  3.5
Invocations    | 1 |  1.1
Stealth        | |  0.6

Action                   |  1- 3 |  4- 6 |  7- 9 | 10-12 || total
-------------------------+-------+-------+-------+-------++-------
Melee: War axe           |    84 |   159 |   200 |   310 ||   753
       Headbutt          |     9 |    22 |    53 |    60 ||   144
       Unarmed           |       |       |     8 |       ||     8
       Flail             |       |       |       |    17 ||    17
       Triple sword      |       |       |       |    19 ||    19
Invok: Heroism           |       |       |     1 |     7 ||     8
  Use: Potion            |       |     4 |       |     3 ||     7
       Scroll            |       |       |    11 |       ||    11
  Eat: Chunk             |     1 |     6 |     6 |    12 ||    25
       Ration            |       |       |     1 |     2 ||     3
Armor: Scale mail        |    40 |    51 |     2 |       ||    93
       Plate armour      |       |       |    97 |   228 ||   325
       Skin              |       |       |     1 |       ||     1
Dodge: Dodged            |    39 |    49 |    52 |   111 ||   251
Block: Shield            |    49 |    99 |   125 |   281 ||   554
       Rpst.: Triple sword |       |       |       |     7 ||     7

Table legend:
 A = Non-vault XP
 B = Vault XP
 C = Vault XP percentage of total XP
 D = Non-vault monster count
 E = Vault monster count
 F = Vault count percentage of total count
                 A         B        C        D         E       F
            +---------+---------+-------+---------+---------+-------
      Total |   16234 |    2817 |  14.8 |     250 |      55 |  18.0
            +---------+---------+-------+---------+---------+-------
        D:1 |      43 |       8 |  15.7 |      23 |       4 |  14.8
        D:2 |      36 |       2 |   5.3 |      14 |       1 |   6.7
        D:3 |     106 |       0 |   0.0 |      31 |       0 |   0.0
        D:4 |     449 |       4 |   0.9 |      21 |       2 |   8.7
        D:5 |     754 |     267 |  26.2 |      14 |       1 |   6.7
        D:6 |     876 |     238 |  21.4 |      21 |       2 |   8.7
        D:7 |    1352 |       0 |   0.0 |      30 |       0 |   0.0
        D:8 |    1711 |     277 |  13.9 |      10 |       1 |   9.1
        D:9 |    1316 |      56 |   4.1 |      21 |       5 |  19.2
       D:10 |    1885 |       0 |   0.0 |      21 |       0 |   0.0
       D:11 |    3884 |       0 |   0.0 |      24 |       0 |   0.0
     Lair:1 |    1963 |     532 |  21.3 |      11 |       2 |  15.4
     Lair:2 |    1859 |     621 |  25.0 |       9 |       3 |  25.0
     Bailey |       0 |     812 | 100.0 |       0 |      34 | 100.0
            +---------+---------+-------+---------+---------+-------
